 Dungeon Crawl Stone Soup version 0.28.0 (webtiles) character file.

Game seed: 2961303773396133103

2372 crazypyro the Cleaver (level 9, -20/79 HPs)
             Began as a Minotaur Fighter on Feb 8, 2022.
             Was an Elder of Elyvilon.
             Demolished by an orc knight (26 damage)
             ... in a bailey.
             The game lasted 00:07:41 (7366 turns).

crazypyro the Cleaver (Minotaur Fighter)            Turns: 7366, Time: 00:07:42

Health: -20/79     AC: 16    Str: 24    XL:     9   Next: 21%
Magic:  8/8        EV:  9    Int:  5    God:    Elyvilon [****..]
Gold:   440        SH:  5    Dex: 11    Spells: 8/8 levels left

rFire   . . .      SeeInvis .   a - +0 war axe
rCold   . . .      Faith    .   c - +0 buckler
rNeg    + . .      Spirit   .   s - +0 pearl dragon scales
rPois   .          Reflect  .   (helmet restricted)
rElec   .          Harm     .   (no cloak)
rCorr   .          Rampage  .   q - +2 pair of gloves
Will    .....                   (no boots)
Stlth   ..........              w - amulet of the acrobat
HPRegen 0.23/turn               (no ring)
MPRegen 0.11/turn               (no ring)

@: mighty, invisible
A: horns 2, retaliatory headbutt
a: Renounce Religion, Purification, Heal Other, Heal Self


You were in a bailey.
You worshipped Elyvilon.
Elyvilon was greatly pleased with you.
You visited 1 branch of the dungeon, and saw 7 of its levels.
You also visited: Sewer, Ossuary and Bailey.

You collected 440 gold pieces.

Inventory:

Hand Weapons
 a - a +0 war axe (weapon)
Armour
 b - a +0 scale mail
 c - a +0 buckler (worn)
 q - a +2 pair of gloves (worn)
 s - +0 pearl dragon scales (worn)
Jewellery
 w - an amulet of the acrobat (around neck)
Wands
 d - a wand of polymorph (11)
Scrolls
 g - a scroll of teleportation
 h - 2 scrolls of identify
 j - a scroll of blinking
 k - a scroll of immolation
 m - a scroll of silence
 o - a scroll of vulnerability {unknown}
 p - 2 scrolls of fog {unknown}
 t - a scroll of enchant armour {unknown}
Potions
 i - 2 potions of curing
 l - 2 potions of attraction
 n - a potion of brilliance {unknown}
 r - a potion of might
 u - a potion of haste
 v - a potion of degeneration {unknown}


   Skills:
 + Level 7.5 Fighting
 * Level 9.6 Axes
 + Level 7.4 Armour
 + Level 7.5 Shields
 + Level 1.2 Invocations


You had 8 spell levels left.
You didn't know any spells.
Your spell library contained the following spells:

 Spells                   Type           Power      Damage    Failure   Level
 Conjure Flame            Conj/Fire      0%         6-21      99%         3
 Ignite Poison            Fire/Tmut/Pois 0%         N/A       99%         3
 Ozocubu's Armour         Ice            0%         N/A       99%         3
 Sticky Flame             Conj/Fire      0%         2d3       100%        4
 Metabolic Englaciation   Hex/Ice        0%         N/A       100%        5
 Simulacrum               Ice/Necr       0%         N/A       100%        6


Dungeon Overview and Level Annotations

Branches:
Dungeon (7/15)              Sewer (visited)         Ossuary (visited)
 Bailey (1/1)
 Temple: D:4-7

Altars:
Cheibriados
Elyvilon
Nemelex Xobeh
Sif Muna
Xom

Shops:
D:3 (


Innate Abilities, Weirdness & Mutations

You have a pair of horns on your head.
You reflexively headbutt those who attack you in melee.


Message History

You closely miss the orc. You closely miss the orc warrior.
The orc closely misses you.
The orc knight roars a battlecry!
The orcs go into a battle-frenzy!
The orc warrior hits you but does no damage.
The orc warrior hits you with a +4 trident!!
* * * LOW HITPOINT WARNING * * *
The orc misses you. You block the orc warrior's attack.
The orc warrior completely misses you.
There is a large open door here.
Things that are here:
a +0 trident; a +0 scale mail The orc knight completely misses you.
You fade into invisibility!
The orc warrior hits you from afar with a +0 spear.
* * * LOW HITPOINT WARNING * * *
The orc knight hits you from afar with a +0 halberd!!
Elyvilon protects you from harm!
You feel much better.
The orc no longer looks unusually strong.
The orc warrior closely misses you.
The orc warrior no longer looks unusually strong.
You strike the helpless orc knight from behind!
You slash the orc knight! Your headbutt misses the orc knight.
The orc knight is lightly wounded.
The orc warrior no longer looks unusually strong.
The orc warrior barely misses you.
You feel very mighty all of a sudden.
The orc warrior no longer looks unusually strong.
The orc warrior hits you from afar with a +0 spear.
The orc knight hits you with a +0 halberd!
* * * LOW HITPOINT WARNING * * *
The orc warrior barely misses you.
You barely miss the orc knight. Your headbutt misses the orc knight.
The orc knight is lightly wounded.
The orc no longer looks unusually strong.
The orc warrior hits you from afar with a +0 spear.
* * * LOW HITPOINT WARNING * * *
The orc knight hits you with a +0 halberd!!
You die...

♣..≈≈≈≈≈..
#...≈≈≈≈..#### ##
#..≈≈≈≈≈..#$.####
###.....≈≈≈≈...#......
♣♣♣...♣♣..≈≈≈≈...##....
♣♣......♣..≈≈≈≈....#o.#
♣.........######...#.8#
♣..∩......o........#..#
♣.......@.o.o......)..#
♣.......o.oo.......'..#
♣..∩...........)...#..#
♣.........######...#.8#
♣♣.........≈≈≈≈....#..#
♣♣♣....♣..≈≈≈≈.♣.##...
###.....≈≈≈≈...#.....
##.♣..≈≈≈≈♣..#$.####
#...≈≈≈≈≈♣ .#


You could see an orc knight, 3 orc warriors and 2 orcs.

Vanquished Creatures
  A steam dragon (D:6)
  Duvessa (D:6)
  2 water moccasins
  A sky beast (D:6)
  A hornet zombie (D:4)
  A black bear (D:5)
  A necrophage (D:5)
  2 orc warriors
  2 ogres (D:4)
  2 phantoms (D:4)
  3 scorpions
  A water moccasin skeleton (D:4)
  Dowan (D:6)
  2 howler monkeys (D:6)
  A human zombie (Ossuary)
  4 hounds
  A jelly (D:4)
  A bullfrog skeleton (D:4)
  3 centaur skeletons
  2 iguanas
  5 orc wizards
  2 hound skeletons
  4 mummies
  A howler monkey skeleton (D:4)
  4 gnolls (D:5)
  6 adders
  2 white imps
  An ufetubus (D:4)
  3 adder zombies (Ossuary)
  An adder skeleton (D:4)
  2 worms
  12 orcs
  8 ball pythons
  7 endoplasms
  5 giant cockroaches
  11 goblins
  11 hobgoblins
  3 jackals (D:4)
  8 kobolds
  6 quokkas
  10 bats
  6 frilled lizards
  3 gnoll zombies (Ossuary)
  3 goblin zombies (Ossuary)
  2 hobgoblin zombies (Ossuary)
  2 kobold zombies (Ossuary)
  An orc zombie (Ossuary)
  2 quokka zombies (Ossuary)
  6 rats
  A rat zombie (Ossuary)
171 creatures vanquished.

Notes
Turn   | Place    | Note
-------+----------+-------------------------------------------
     0 | D:1      | crazypyro the Minotaur Fighter began the quest for the Orb.
     0 | D:1      | Reached XP level 1. HP: 19/19 MP: 0/0
   402 | D:1      | Reached XP level 2. HP: 27/27 MP: 1/1
   507 | D:1      | Reached skill level 3 in Axes
  1183 | D:2      | Reached XP level 3. HP: 29/33 MP: 2/2
  1284 | D:2      | Found a faded altar of an unknown god.
  1308 | D:2      | Prayed at the altar of an unknown god.
  1308 | D:2      | Became a worshipper of Elyvilon the Healer
  1308 | D:2      | Reached * piety under Elyvilon
  1966 | D:3      | Reached ** piety under Elyvilon
  2001 | D:3      | Found Ressyxell's Weapon Shoppe.
  2467 | D:4      | Reached skill level 4 in Axes
  2467 | D:4      | Reached XP level 4. HP: 34/40 MP: 3/3
  2593 | D:4      | Found a snail-covered altar of Cheibriados.
  2593 | D:4      | Found a sparkling altar of Nemelex Xobeh.
  2594 | D:4      | Noticed a phantom
  2638 | D:4      | Elyvilon protects you from harm!
  2640 | D:4      | Killed a phantom
  2641 | D:4      | Reached XP level 5. HP: 9/47 MP: 4/4
  3037 | D:4      | Found a sand-covered staircase.
  3045 | Ossuary  | Entered an ossuary
  3255 | Ossuary  | Reached skill level 5 in Axes
  3291 | Ossuary  | Reached XP level 6. HP: 43/55 MP: 5/5
  3527 | D:4      | Reached skill level 5 in Fighting
  3527 | D:4      | Reached skill level 5 in Armour
  3527 | D:4      | Reached skill level 5 in Shields
  3530 | D:4      | Reached skill level 6 in Axes
  3532 | D:4      | Found a shimmering altar of Xom.
  3538 | D:4      | Reached XP level 7. HP: 21/61 MP: 6/6
  4090 | D:4      | Reached *** piety under Elyvilon
  4123 | D:4      | Reached skill level 7 in Axes
  4581 | D:5      | Entered Level 5 of the Dungeon
  4620 | D:5      | Reached XP level 8. HP: 69/70 MP: 7/7
  4910 | D:5      | Reached skill level 8 in Axes
  5147 | D:5      | Found a shimmering blue altar of Sif Muna.
  5718 | D:6      | Noticed Duvessa
  5721 | D:6      | Noticed Dowan
  5738 | D:6      | Killed Duvessa
  5740 | D:6      | Elyvilon protects you from harm!
  5747 | D:6      | Killed Dowan
  5833 | D:6      | Found a glowing drain.
  5837 | Sewer    | Entered a sewer
  5958 | Sewer    | Reached skill level 9 in Axes
  5991 | Sewer    | Reached **** piety under Elyvilon
  6221 | D:6      | Reached XP level 9. HP: 65/79 MP: 8/8
  7100 | D:7      | Reached skill level 1 in Invocations
  7201 | D:7      | Found a flagged portal.
  7212 | Bailey   | Entered a bailey
  7346 | Bailey   | Noticed an orc knight
  7359 | Bailey   | Elyvilon protects you from harm!
  7366 | Bailey   | Demolished by an orc knight

Illustrated notes

Levels and vault maps discovered:
D:1:      ncdulo_wetmaze, layout_basic, minmay_misc_feat_cross,
          interstate_on_off
D:2:      layout_loops_cross, hellmonk_ecumenical_altar_heavens_door,
          chequers_serial_rivers_small_b
D:3:      layout_basic, serial_shops, nicolae_shop_bloodbath_and_beyond
D:4:      layout_basic, jmf_multi_god_temple, xom_confusion_cloud,
          gup_ossuary_entry_pyramid, grunt_ministairs_5, corexii_checkpoint_a,
          kennysheep_big_empty_room
D:5:      layout_basic, kennysheep_orc_sif_temple
D:6:      nicolae_cairo_tiling_large_dashed, layout_layer_cave,
          gup_sewer_entry_spiral, hangedman_decor_growths, dk_noncrumbling_2,
          uniq_duvessa
D:7:      layout_basic, fedhas_altar_decomposition, grunt_qazlal_sundering,
          tgw_trog, kennysheep_mini_moat, minmay_temple_entry_arrows,
          enter_bailey_3, uniq_maggie
Bailey:   bailey_polearm_elven_captive_hellmonk, bailey

Skill      XL: |  1  2  3  4  5  6  7  8  9 |
---------------+----------------------------+-----
Axes           | 3 4 5 6 7 9 |  9.6
Armour         | 4 5 6 7 |  7.4
Shields        | 4 5 6 7 |  7.5
Fighting       | 4 5 6 7 |  7.5
Invocations    | 1 |  1.2

Action                   |  1- 3 |  4- 6 |  7- 9 || total
-------------------------+-------+-------+-------++-------
Melee: War axe           |   110 |    87 |   229 ||   426
       Headbutt          |     7 |    19 |    51 ||    77
       Unarmed           |       |       |    19 ||    19
  Use: Potion            |     1 |     1 |     6 ||     8
       Scroll            |       |       |     8 ||     8
 Stab: Invisible         |       |       |     1 ||     1
Armor: Scale mail        |    47 |    42 |    23 ||   112
       Pearl dragon scal |       |       |    94 ||    94
Dodge: Dodged            |    56 |    48 |   112 ||   216
Block: Buckler           |    31 |    33 |    65 ||   129
